 Dungeon Crawl Stone Soup version 0.26-a0-935-g3624241d3c (webtiles) character file.

Game seed: 15073001955044573981

2307 Demosthentine the Shield-Bearer (level 9, -1/68 (71) HPs)
             Began as a Formicid Fighter on Nov 27, 2020.
             Was an Initiate of Cheibriados.
             Slain by a boulder beetle (11 damage)
             ... on level 7 of the Dungeon.
             The game lasted 00:06:34 (8376 turns).

Demosthentine the Shield-Bearer (Formicid Fighter)  Turns: 8376, Time: 00:06:35

HP:   -1/68 (71)    AC:  9    Str: 24    XL:     9   Next: 68%
MP:   9/9           EV: 12    Int: 15    God:    Cheibriados [......]
Gold: 326           SH: 11    Dex: 12    Spells: 8/8 levels left

rFire    . . .     SeeInvis +   a - +1 war axe
rCold    . . .     Faith    .   c - +0 kite shield
rNeg     . . .     Spirit   .   b - +0 scale mail
rPois    .         Reflect  .   (helmet unavailable)
rElec    .         Harm     .   (no cloak)
rCorr    .         Rampage  .   (no gloves)
MR       .....                  n - +0 pair of boots
Stlth    ..........             (no amulet)
HPRegen  0.21/turn              (no ring)
MPRegen  0.11/turn              m - +6 ring of intelligence

@: very slow
A: permanent stasis, dig shafts and tunnels, four strong arms, antennae 3
a: Dig, Shaft Self, Bend Time, Renounce Religion


You were on level 7 of the Dungeon.
You worshipped Cheibriados.
Cheibriados was noncommittal.
You visited 2 branches of the dungeon, and saw 8 of its levels.

You collected 326 gold pieces.

Inventory:

Hand Weapons
 a - a +1 war axe (weapon)
Armour
 b - a +0 scale mail (worn)
 c - a +0 kite shield (worn)
 n - a +0 pair of boots (worn)
Jewellery
 m - a +6 ring of intelligence (right hand)
Wands
 e - a wand of enslavement (15)
Scrolls
 g - a scroll of enchant weapon
Potions
 d - a potion of might
 f - a potion of resistance
 j - a potion of cancellation


   Skills:
 + Level 6.8 Fighting
 + Level 5.7 Axes
 + Level 6.9 Armour
 + Level 4.8 Dodging
 + Level 7.5 Shields


You had 8 spell levels left.
You didn't know any spells.
Your spell library contained the following spells:

 Spells                   Type           Power        Failure   Level
 Confusing Touch          Hex            #.......     94%         3
 Gell's Gravitas          Tloc           #.........   94%         3
 Petrify                  Tmut/Erth      #.......     100%        4
 Metabolic Englaciation   Hex/Ice        #.........   100%        5
 Yara's Violent Unravell  Hex/Tmut       #.........   100%        5


Dungeon Overview and Level Annotations

Branches:
Dungeon (7/15)             Temple (1/1) D:5

Altars:
Cheibriados
Dithmenos
Elyvilon
Fedhas
Gozag
Hepliaklqana
Kikubaaqudgha
Makhleb
Nemelex Xobeh
Okawaru
Ru
Sif Muna
Trog
Uskayaw
Vehumet
Wu Jian
Xom
Yredelemnul
Zin
The Shining One


Innate Abilities, Weirdness & Mutations

You cannot be hasted, slowed, berserked, paralysed or teleported.
You can dig through walls and to a lower floor.
Your four strong arms can wield two-handed weapons with a shield.
You have a pair of large antennae on your head. (SInv)


Message History

A boulder beetle is nearby!
You hit the boulder beetle but do no damage.
The boulder beetle bites you!!
You are too injured to fight recklessly!
Unknown command.
You are too injured to fight recklessly!
Unknown command.
You are too injured to fight recklessly!
Unknown command.
You are too injured to fight recklessly!
Unknown command.
You are too injured to fight recklessly!
You hit the boulder beetle.
The boulder beetle is lightly wounded.
The boulder beetle bites you!
* * * LOW HITPOINT WARNING * * *
You hit the boulder beetle.
The boulder beetle is lightly wounded.
The boulder beetle bites you!
You die...

.......###
.........#
.......$.#{
.........#
.........#
.........#
.......B.##+#
.......@....#
............#
###.........#
#.........#
#.........#
###.(.......#
#...........#
#.#.###+###.##
#.#.##.......#


You could see a boulder beetle.

Vanquished Creatures
  2 steam dragons (D:6)
  A water moccasin (D:6)
  An ice beast (D:5)
  A black bear (D:6)
  4 necrophages (D:6)
  A phantom (D:6)
  3 ogres
  Blork the orc (D:4)
  2 bullfrogs
  4 wights (D:6)
  A howler monkey (D:4)
  A centaur zombie (D:6)
  2 bullfrog zombies
  A bullfrog skeleton (D:6)
  An orc priest (D:6)
  A gnoll shaman (D:6)
  A centaur skeleton (D:5)
  An iguana (D:5)
  4 worker ants
  A worker ant zombie (D:6)
  8 gnolls (D:6)
  10 adders
  2 shadow imps
  3 white imps (D:5)
  An ufetubus (D:6)
  An ooze (D:6)
  An adder skeleton (D:6)
  5 worms
  2 dart slugs
  3 leopard geckos (D:2)
  24 orcs
  5 bats
  4 giant cockroaches
  2 gnoll zombies (D:2)
  4 goblins
  3 hobgoblins
  9 jackals
  2 quokkas
  2 ball pythons
  6 frilled lizards
  8 kobolds
  A leopard gecko skeleton (D:4)
  A quokka zombie (D:5)
  5 rats
  A bush (D:6)
147 creatures vanquished.

Vanquished Creatures (others)
  A bush (D:6)
  8 plants (D:6)
9 creatures vanquished.

Grand Total: 156 creatures vanquished

Notes
Turn   | Place    | Note
-------+----------+-------------------------------------------
     0 | D:1      | Demosthentine the Formicid Fighter began the quest for the
                  | Orb.
     0 | D:1      | Reached XP level 1. HP: 18/18 MP: 1/1
   830 | D:2      | Reached XP level 2. HP: 24/24 MP: 2/2
   974 | D:2      | Reached XP level 3. HP: 21/29 MP: 3/3
   981 | D:2      | Reached skill level 4 in Shields
  1098 | D:2      | Reached skill level 1 in Dodging
  1241 | D:2      | Reached XP level 4. HP: 22/37 MP: 4/4
  1525 | D:2      | Found a glowing golden altar of the Shining One.
  1676 | D:2      | Found a basalt altar of Yredelemnul.
  1951 | D:3      | Found a bloodstained altar of Trog.
  1971 | D:3      | Noticed an ogre
  1982 | D:3      | Killed an ogre
  1983 | D:3      | Reached XP level 5. HP: 36/42 MP: 5/5
  2047 | D:3      | Reached XP level 6. HP: 48/48 MP: 6/6
  2326 | D:3      | You fall into a shaft and drop 3 floors!
  2862 | D:6      | Noticed a black bear
  2869 | D:6      | Killed a black bear
  2870 | D:6      | Reached skill level 5 in Shields
  2870 | D:6      | Reached XP level 7. HP: 25/55 MP: 7/7
  3401 | D:6      | Noticed a water moccasin
  3408 | D:6      | Killed a water moccasin
  3438 | D:6      | Reached skill level 5 in Fighting
  3438 | D:6      | Reached skill level 5 in Armour
  3616 | D:6      | Reached XP level 8. HP: 44/62 MP: 8/8
  3627 | D:5      | Entered Level 5 of the Dungeon
  3928 | D:5      | Found an ornate altar of the Wu Jian Council.
  4493 | D:4      | Noticed Blork the orc
  4495 | D:4      | Found a hazy altar of Hepliaklqana.
  4504 | D:4      | Killed Blork the orc
  4590 | D:4      | Reached skill level 6 in Shields
  4726 | D:5      | Found a blossoming altar of Fedhas.
  4801 | D:5      | Found a staircase to the Ecumenical Temple.
  4905 | Temple   | Entered the Ecumenical Temple
  5071 | D:5      | Found a glowing silver altar of Zin.
  5590 | D:5      | Found an iron altar of Okawaru.
  6229 | D:4      | Found a sparkling altar of Nemelex Xobeh.
  6381 | D:6      | Found a radiant altar of Vehumet.
  6536 | D:6      | Reached skill level 5 in Axes
  6536 | D:6      | Reached XP level 9. HP: 25/69 MP: 9/9
  7246 | D:6      | Reached skill level 7 in Shields
  7471 | D:6      | Found a shimmering altar of Xom.
  7681 | D:6      | Found a blossoming altar of Fedhas.
  8185 | Temple   | Became a worshipper of Cheibriados the Contemplative
  8368 | D:7      | Noticed a boulder beetle
  8376 | D:7      | Slain by a boulder beetle

Illustrated notes

Levels and vault maps discovered:
D:1:      scummos_arrival_forest, layout_basic
D:2:      layout_rooms, lemuel_zombie_altar_yredelemnul,
          nicolae_tso_swordbearing_angel
D:3:      layout_basic, lemuel_doored_altar
D:4:      minmay_diamond_boxcup, layout_basic, lemuel_crystal_altar,
          nemelex_altar_shiori, uniq_blork_the_orc
D:5:      layout_basic, old_standard_altar, old_standard_altar,
          marbit_many_paths, lemuel_round_altar, temple_pool_b,
          minmay_misc_feat_five
D:6:      cheibrodos_steamvent, layout_gridville, kennysheep_mini,
          vehumet_crystals, serial_co_window_serial, co_window_of_opportunity_a,
          co_window_corner_a, co_window_paths_b, co_window_cross_1,
          co_window_paths_a, co_window_corner_cb, co_window_corner_b,
          co_window_of_opportunity_b, co_window_broadway_b,
          fedhas_altar_decomposition
D:7:      layout_basic
Temple:   nicolae_temple_figure_zero

Skill      XL: |  1  2  3  4  5  6  7  8  9 |
---------------+----------------------------+-----
Shields        | 4 5 6 7 |  7.5
Dodging        | 1 2 3 4 |  4.8
Fighting       | 4 5 6 |  6.8
Axes           | 3 4 5 |  5.7
Armour         | 4 5 6 |  6.9

Action                   |  1- 3 |  4- 6 |  7- 9 || total
-------------------------+-------+-------+-------++-------
Melee: War axe           |    87 |   151 |   323 ||   561
  Use: Scroll            |     5 |     3 |    10 ||    18
       Potion            |       |     4 |     1 ||     5
Armor: Scale mail        |    36 |    63 |    83 ||   182
       Skin              |       |    14 |       ||    14
Dodge: Dodged            |    34 |    62 |   106 ||   202
Block: Kite shield       |    45 |    85 |   155 ||   285

Table legend: (Time is in decaauts)
 A = Elapsed time spent in this place.
 B = Non-inter-level travel time spent in this place.
 C = Inter-level travel time spent in this place.
 D = Time resting spent in this place.
 E = Time spent auto-exploring this place.
 F = Levels seen in this place.
 G = Mean time per level.
                   A        B        C        D        E       F      G
               +--------+--------+--------+--------+--------+-----+--------+
         Total |   8624 |   8159 |    465 |   1528 |   5317 |   8 | 1078.0 |
       Dungeon |   8454 |   8017 |    437 |   1528 |   5210 |   7 | 1207.7 |
        Temple |    169 |    142 |     27 |      0 |    107 |   1 |  169.0 |
               +--------+--------+--------+--------+--------+-----+--------+

Top non-repeatable levels by time:
     D:6: 3193 daAuts
     D:5: 1747 daAuts
     D:2: 979 daAuts
     D:3: 816 daAuts
     D:1: 784 daAuts
     D:4: 762 daAuts
     D:7: 171 daAuts
  Temple: 169 daAuts
